cohdb
Replays
Latest Replays
All Replays
Popular Replays
Top Player Replays
Match Explorer
How It Works
Community
CoH3 Stats
Reddit
Sign in to upload your games and track your stats! →
Sign in with Steam
Match 41663258
Unlisted
Match 41663258
Overview
Messages
Build Orders
End
Kradschützen Motorcycle Team
Panzergrenadier Squad
Panzerpioneer Squad
Panzergrenadier Squad
Construct Light Support Kompanie
Fire Support Elements
Flakvierling Half-track
2.5-tonne Medical Truck
Panzerjäger Mechanized Group
Veteran Squad Leaders
Construct Panzerarmee Kommand
Armored Reserves
Panzerpioneer Squad
Pak 38 Anti-tank Gun Team
Panzer IV Assault Group
Vehicle Survival Package
Tungsten Core Ammunition
Walking Stuka Rocket Launcher
Panzergrenadier Squad
Selects Panzerjäger Kommand Battlegroup
Selects Mine Fields
Selects Defensive Positions
Selects Butterfly Bomb Drop
Butterfly Bomb Drop
Panzergrenadier Squad
Pak 38 Anti-tank Gun Team
MG34 Team
Selects Tank Busters
Selects Crew Shock Tactics
Selects Elefant Tank Destroyer
Tiger Heavy Tank
2.5-tonne Medical Truck
Butterfly Bomb Drop
Flak 36 Anti-tank Gun Team
Grand.G
Tryitagain_sam
0
0
Comments
sign in to comment!
No comments posted yet!